 Dungeon Crawl Stone Soup version 0.25-a0-189-gf71692caf1 (console) character file.

Game seed: 15169802502310448811, levelgen mode: deterministic

1491 Kagalorn the Covert (level 8, -1/36 HPs)
             Began as a Spriggan Enchanter on Nov 29, 2019.
             Was an Initiate of Gozag.
             Slain by a wight
             ... wielding a +3 scimitar of freezing
              (4 damage)
             ... on level 7 of the Dungeon.
             The game lasted 00:17:19 (6716 turns).

Kagalorn the Covert (Spriggan Enchanter)            Turns: 6716, Time: 00:17:20

Health: -1/36      AC:  2    Str:  4    XL:     8   Next: 51%
Magic:  12/20      EV: 19    Int: 18    God:    Gozag
Gold:   688        SH:  0    Dex: 17    Spells: 13/22 levels left

rFire    . . .     SeeInvis +   a - +0 rapier
rCold    . . .     Gourm    .   (shield restricted)
rNeg     . . .     Faith    .   b - +0 robe
rPois    .         Spirit   .   (helmet restricted)
rElec    .         Reflect  .   (no cloak)
rCorr    .         Harm     .   (gloves unavailable)
MR       +....                  (boots unavailable)
Stlth    ++++......             j - amulet of magic regeneration
HPRegen  0.12/turn              (no ring)
MPRegen  0.42/turn              y - ring of wizardry

@: gold aura, very slightly contaminated, drained, very quick
A: very small, unfitting armour, see invisible, herbivore, speed 3, slow
metabolism 2
a: Potion Petition, Call Merchant, Bribe Branch, Renounce Religion


You were on level 7 of the Dungeon.
You worshipped Gozag.
Gozag was pleased with you.
You were hungry.

You visited 2 branches of the dungeon, and saw 8 of its levels.
You also visited: Ossuary.

You collected 767 gold pieces.
You paid 79 gold pieces to Gozag.

Inventory:

Hand Weapons
 a - a +0 rapier (weapon)
 H - the +1 dagger of the Shining Light {pierce, rC+}
   (You found it on level 6 of the Dungeon)

   It inflicts extra damage upon your enemies.
   It protects you from cold.
 K - a +0 shortbow
Missiles
 f - 268 stones
 k - 38 bolts
 l - 55 sling bullets
 t - 12 poisoned darts (quivered)
 D - 53 arrows
Armour
 b - a +0 robe (worn)
Magical Staves
 C - an uncursed staff of summoning
Jewellery
 j - an amulet of magic regeneration (around neck)
 y - a ring of wizardry (right hand)
 G - an uncursed ring of ice {unknown}
 L - an uncursed ring of protection from fire {unknown}
Wands
 v - a wand of polymorph (9)
 A - a wand of flame (4)
Scrolls
 e - 3 scrolls of remove curse
 h - 2 scrolls of enchant armour {unknown}
 m - a scroll of enchant weapon {unknown}
 n - a scroll of noise {unknown}
 r - 2 scrolls of teleportation {unknown}
 s - 4 scrolls of magic mapping {unknown}
 B - a scroll of immolation {unknown}
 E - 2 scrolls of identify
 F - a scroll of amnesia {unknown}
Potions
 c - 3 potions of brilliance
 g - 2 potions of heal wounds
 i - a potion of agility
 o - 3 potions of haste
 p - 4 potions of flight {unknown}
 q - 2 potions of mutation {unknown}
 u - a potion of degeneration {unknown}
 w - 3 potions of curing {unknown}
 x - 3 potions of resistance
 z - a potion of berserk rage
 I - a potion of cancellation {unknown}
 J - 2 potions of might {unknown}
Comestibles
 d - 7 rations


   Skills:
 + Level 4.3(3.4) Short Blades
 + Level 4.4(3.6) Dodging
 + Level 10.3(9.3) Stealth
 * Level 7.9(7.0) Spellcasting
 - Level 5.0(4.1) Hexes
 - Level 2.0(1.2) Ice Magic


You had 13 spell levels left.
You knew the following spells:

 Your Spells              Type           Power        Failure   Level  Hunger
a - Ensorcelled Hibernat  Hex/Ice        ###...       2%          2    None
b - Confuse               Hex            ###.....     2%          3    ##.....
c - Dazzling Spray        Conj/Hex       ##....       6%          3    ##.....
g - Corona                Hex            ###....      1%          1    None

Your spell library contained the following spells:

 Spells                   Type           Power        Failure   Level  Hunger
 Confusing Touch          Hex            ###...       1%          1    None
 Tukima's Dance           Hex            ###.....     2%          3    ##.....
 Gell's Gravitas          Tloc           #.........   13%         3    ##.....
 Metabolic Englaciation   Hex/Ice        ###.......   36%         5    #####..
 Petrify                  Tmut/Erth      #.......     38%         4    ####...
 Yara's Violent Unravell  Hex/Tmut       ##........   43%         5    #####..


Dungeon Overview and Level Annotations

Branches:
Dungeon (7/15)             Temple (1/1) D:5         Ossuary (visited)

Altars:
Ashenzari
Cheibriados
Dithmenos
Fedhas
Gozag
Hepliaklqana
Kikubaaqudgha
Makhleb
Nemelex Xobeh
Okawaru
Qazlal
Ru
Sif Muna
Vehumet
Xom
Zin
Jiyva

Annotations:
D:4 3 runed translucent doors, astraldaughter's ghost, weakling DsWn; qipq's ghost, novice OpEE


Innate Abilities, Weirdness & Mutations

You are very small and have problems with some larger weapons.
You are too small for most types of armour.
You have supernaturally acute eyesight. (SInv)
You are a herbivore.
You cover ground extremely quickly.
You need to consume almost no food.


Message History

Confirm with . or Enter, or press ? or * to list all spells.
You can't see any susceptible monsters within range! (Use Z to cast anyway.)
Casting: Ensorcelled Hibernation (safe; 1% risk of failure)
Confirm with . or Enter, or press ? or * to list all spells.
Aiming: Confuse (safe; 1% risk of failure)
Press: ? - help, Shift-Dir - straight line, f - wight
Aim: a wight, wielding a +0 short sword and wearing a +0 robe (confused, chance to defeat MR: 52%)
The wight resists with significant effort.
The wight barely misses the wight.
Casting: Confuse (safe; 1% risk of failure)
Confirm with . or Enter, or press ? or * to list all spells.
Aiming: Confuse (safe; 1% risk of failure)
Press: ? - help, Shift-Dir - straight line, f/p - wight
Aim: a wight, wielding a +0 short sword and wearing a +0 robe (confused, chance to defeat MR: 52%)
The wight resists with almost no effort.
The wight hits you with a +3 scimitar of freezing!
* * * LOW HITPOINT WARNING * * *
You feel drained.
You die...
Your body crumbles into a pile of gold.

##...###..#
#.z.## ..#
#+###.z..#...#
#.$$..$o.'. .#
#..##....## .#
#..#####+# #.zz#
#.z<# ### #.@##
..
#..##.)########..
#................
#................
#####............
#..##............
+......##<...##.
#..##..##...>#
##. #? #..##....#


You could see 3 wights.

Vanquished Creatures
  Sigmund (D:6)
  Edmund (D:6)
  2 sky beasts (D:5)
  2 ogres (D:5)
  A centaur (D:6)
  3 water moccasin zombies (Ossuary)
  A scorpion (D:4)
  A wight (D:6)
  A howler monkey (D:7)
  2 hounds
  2 orc priests (D:4)
  An orc wizard (D:7)
  An iguana (D:6)
  2 worker ants
  2 big kobold zombies (Ossuary)
  2 mummies (Ossuary)
  9 adders
  3 gnolls (D:6)
  A shadow imp (D:6)
  An adder skeleton (D:4)
  4 adder zombies (Ossuary)
  2 dart slugs
  6 leopard geckos
  12 orcs
  2 giant cockroaches (D:2)
  A gnoll zombie (Ossuary)
  6 goblins
  5 hobgoblins
  8 jackals
  2 quokkas
  A ball python (D:2)
  9 bats
  6 frilled lizards
  4 hobgoblin zombies (Ossuary)
  4 kobolds
  4 kobold zombies (Ossuary)
  6 orc zombies (Ossuary)
  A quokka skeleton (D:2)
  6 rats
128 creatures vanquished.

Vanquished Creatures (others)
  An adder zombie (Ossuary)
  2 withered plants (D:4)
3 creatures vanquished.

Grand Total: 131 creatures vanquished

Notes
Turn   | Place    | Note
-------+----------+-------------------------------------------
     0 | D:1      | Kagalorn the Spriggan Enchanter began the quest for the
                  | Orb.
     0 | D:1      | Reached XP level 1. HP: 9/9 MP: 5/5
   384 | D:1      | Reached XP level 2. HP: 8/13 MP: 6/6
   462 | D:1      | Learned a level 2 spell: Ensorcelled Hibernation
   485 | D:1      | Reached skill level 5 in Stealth
  1038 | D:2      | Found a stormy altar of Qazlal.
  1060 | D:2      | Reached XP level 3. HP: 12/16 MP: 8/8
  1810 | D:3      | Reached skill level 6 in Stealth
  1810 | D:3      | Reached XP level 4. HP: 20/21 MP: 7/10
  2567 | D:4      | Found a runed translucent gate.
  2567 | D:4      | Found a runed translucent gate.
  2567 | D:4      | Found a runed translucent gate.
  2567 | D:4      | Noticed qipq's ghost (novice OpEE)
  2568 | D:4      | Noticed astraldaughter's ghost (weakling DsWn)
  2666 | D:4      | Reached XP level 5. HP: 24/24 MP: 11/11
  2721 | D:4      | Reached skill level 7 in Stealth
  2737 | D:4      | Found a sacrificial altar of Ru.
  2743 | D:4      | Reached skill level 1 in Ice Magic
  2777 | D:4      | Found an opulent altar of Gozag.
  2798 | D:4      | Became a worshipper of Gozag Ym Sagoz the Greedy
  3507 | D:4      | Learned a level 3 spell: Confuse
  3511 | D:4      | Learned a level 3 spell: Dazzling Spray
  3604 | D:5      | Entered Level 5 of the Dungeon
  3626 | D:5      | Found a sand-covered staircase.
  3631 | Ossuary  | Entered an ossuary
  3652 | Ossuary  | Reached XP level 6. HP: 13/28 MP: 13/13
  3895 | Ossuary  | Reached skill level 8 in Stealth
  4253 | Ossuary  | Reached skill level 5 in Hexes
  4753 | D:5      | Noticed a sky beast
  4779 | D:5      | Killed a sky beast
  4779 | D:5      | Reached skill level 9 in Stealth
  4779 | D:5      | Reached skill level 5 in Spellcasting
  4779 | D:5      | Reached XP level 7. HP: 32/32 MP: 8/15
  4805 | D:5      | Found a staircase to the Ecumenical Temple.
  4823 | Temple   | Entered the Ecumenical Temple
  5174 | D:5      | Reached skill level 10 in Stealth
  5504 | D:6      | Noticed Sigmund
  5519 | D:6      | Killed Sigmund
  5519 | D:6      | Reached XP level 8. HP: 36/36 MP: 17/19
  5538 | D:6      | Found a sparkling altar of Nemelex Xobeh.
  5595 | D:6      | Got an iridescent dagger
  5596 | D:6      | Identified the +1 dagger of the Shining Light {pierce, rC+}
                  | (You found it on level 6 of the Dungeon)
  5666 | D:6      | Noticed Edmund
  5691 | D:6      | Killed Edmund
  5916 | D:6      | Found an iron altar of Okawaru.
  6716 | D:7      | Slain by a wight

Levels and vault maps discovered:
D:1:      dpeg_arrival_circle_labyrinth_a, layout_basic
D:2:      layout_basic, grunt_qazlal_clouds
D:3:      layout_loops_ring
D:4:      layout_basic, nicolae_ru_awakened_eye, overflow_temple_1_default,
          gammafunk_ghost_cemetery, first_ration
D:5:      layout_loops_ring, minmay_temple_entry_offerings, enter_ossuary_2
D:6:      layout_layer_cave, nemelex_xobeh_ov_fountains_minmay,
          okawaru_gym_becter, grunt_ministairs_2, uniq_edmund, uniq_sigmund
D:7:      layout_gridville, st_stairs_11, fedhas_ov_isle_minmay
Temple:   pf_slimified_temple

Skill      XL: |  1  2  3  4  5  6  7  8 |
---------------+-------------------------+-----
Hexes          | 4 5 |  5.0
Stealth        | 5 6 7 9 10 | 10.3
Spellcasting   | 3 4 5 6 7 |  7.9
Ice Magic      | 1 2 |  2.0
Dodging        | 4 |  4.4
Short Blades   | 2 4 |  4.3

Action                   |  1- 3 |  4- 6 |  7- 9 || total
-------------------------+-------+-------+-------++-------
Melee: Dagger            |    69 |       |       ||    69
       Rapier            |    72 |   168 |    52 ||   292
Throw: Dart              |       |     2 |       ||     2
 Cast: Ensorcelled Hiber |    11 |    25 |    18 ||    54
       Confuse           |       |    20 |    12 ||    32
       Dazzling Spray    |       |     2 |     1 ||     3
  Use: Scroll            |       |     7 |     1 ||     8
       Potion            |       |     1 |       ||     1
 Stab: Sleeping          |    22 |    27 |    19 ||    68
       Distracted        |     1 |     1 |       ||     2
       Confused          |       |    18 |     2 ||    20
       Invisible         |       |       |     1 ||     1
  Eat: Ration            |       |     2 |     1 ||     3
Armor: Robe              |    21 |    13 |     7 ||    41
Dodge: Dodged            |   130 |   132 |    36 ||   298

Table legend:
 A = Non-vault XP
 B = Vault XP
 C = Vault XP percentage of total XP
 D = Non-vault monster count
 E = Vault monster count
 F = Vault count percentage of total count
                 A         B        C        D         E       F
            +---------+---------+-------+---------+---------+-------
      Total |    1409 |     721 |  33.8 |     100 |      26 |  20.6
            +---------+---------+-------+---------+---------+-------
        D:1 |      26 |       0 |   0.0 |      15 |       0 |   0.0
        D:2 |      28 |       0 |   0.0 |      15 |       0 |   0.0
        D:3 |      75 |       0 |   0.0 |      23 |       0 |   0.0
        D:4 |     246 |       0 |   0.0 |      21 |       0 |   0.0
        D:5 |     603 |       0 |   0.0 |      12 |       0 |   0.0
        D:6 |     332 |     389 |  54.0 |       9 |       2 |  18.2
        D:7 |      99 |       0 |   0.0 |       5 |       0 |   0.0
    Ossuary |       0 |     332 | 100.0 |       0 |      24 | 100.0
            +---------+---------+-------+---------+---------+-------
